 Dungeon Crawl Stone Soup version 0.29.1-1-gd02db6906a (webtiles) character file.

Game seed: 1971691852641357668

8887 112233 the Geomancer (level 11, -2/68 HPs)
             Began as a Demonspawn Earth Elementalist on Oct 10, 2022.
             Was an Initiate of Gozag.
             Slain by Snorg (18 damage)
             ... on level 10 of the Dungeon.
             The game lasted 00:12:07 (13284 turns).

112233 the Geomancer (DsEE)                        Turns: 13284, Time: 00:12:08

Health: -2/68      AC:  6    Str:  8    XL:     11   Next: 15%
Magic:  9/35       EV: 14    Int: 21    God:    Gozag
Gold:   420        SH:  4    Dex: 20    Spells: 26/33 levels left

rFire   . . .      SeeInvis .   i - +1 whip "Pylavoju" {vorpal, Will+ Stlth+}
rCold   . . .      Faith    .   (no shield)
rNeg    . . .      Spirit   .   r - +2 animal skin
rPois   .          Reflect  .   q - +0 helmet
rElec   .          Harm     .   P - scarf {shadows}
rCorr   .          Rampage  .   N - +0 pair of gloves
Will    +....                   (no boots)
Stlth   +++.......              M - amulet of regeneration
HPRegen 1.01/turn               y - +6 ring of dexterity
MPRegen 0.24/turn               B - ring of magical power

@: no status effects
A: claws 2, repulsion field 1, powered by death 1, condensation shield
a: Renounce Religion, Potion Petition, Call Merchant, Bribe Branch


You were on level 10 of the Dungeon.
You worshipped Gozag.
Gozag was aware of your devotion.
You visited 2 branches of the dungeon, and saw 11 of its levels.

You collected 1536 gold pieces.
You spent 714 gold pieces at shops.
You paid 402 gold pieces to Gozag.

Inventory:

Hand Weapons
 d - a +0 short sword
 i - the +1 whip "Pylavoju" (weapon) {vorpal, Will+ Stlth+}
   (You found it on level 2 of the Dungeon)

   It inflicts extra damage upon your enemies.
   Will:      It increases your willpower.
   Stlth:     It makes you more stealthy.
Missiles
 p - 4 throwing nets
Armour
 a - a +0 robe
 q - a +0 helmet (worn)
 r - a +2 animal skin (worn)
 G - a +3 leather armour of fire resistance
 N - a +0 pair of gloves (worn)
 P - a scarf of shadows (worn)
Magical Staves
 o - a staff of conjuration
Jewellery
 y - a +6 ring of dexterity (left hand)
 B - a ring of magical power (right hand)
 M - an amulet of regeneration (around neck)
 O - a ring of fire
 R - a +6 ring of intelligence
Wands
 t - a wand of mindburst (20)
 v - a wand of iceblast (9)
 C - a wand of digging (15)
 E - a wand of polymorph (5)
 H - a wand of charming (13)
 Q - a wand of quicksilver (4)
Scrolls
 e - 3 scrolls of enchant armour {unknown}
 f - 2 scrolls of amnesia
 g - 15 scrolls of identify {unknown}
 h - 3 scrolls of blinking {unknown}
 l - 4 scrolls of teleportation {unknown}
 n - 2 scrolls of magic mapping {unknown}
 A - 4 scrolls of poison {unknown}
 D - a scroll of torment {unknown}
 F - a scroll of butterflies {unknown}
 I - a scroll of noise {unknown}
 J - a scroll of acquirement {unknown}
 K - a scroll of brand weapon {unknown}
Potions
 b - 4 potions of lignification
 c - 7 potions of curing
 j - 4 potions of haste {unknown}
 k - a potion of magic
 m - 2 potions of invisibility {unknown}
 s - 2 potions of mutation {unknown}
 u - a potion of ambrosia {unknown}
 w - a potion of might {unknown}
 x - 2 potions of cancellation {unknown}
 z - 2 potions of flight {unknown}
 L - a potion of heal wounds {unknown}


   Skills:
 - Level 1.8 Dodging
 - Level 1.8 Stealth
 + Level 11.5 Spellcasting
 - Level 0.9 Transmutations
 + Level 11.7 Earth Magic


You had 26 spell levels left.
You knew the following spells:

 Your Spells              Type           Power      Damage    Failure   Level
a - Sandblast             Erth           100%       2d20      1%          1
b - Stone Arrow           Conj/Erth      72%        3d11      1%          3
c - Passwall              Tmut/Erth      31%        N/A       1%          2
e - Apportation           Tloc           24%        N/A       5%          1

Your spell library contained the following spells:

 Spells                   Type           Power      Damage    Failure   Level
 Sting                    Tmut/Pois      56%        1d5       4%          1
 Petrify                  Tmut/Erth      38%        N/A       4%          4
 Necrotise                Necr           48%        1d6       5%          1
 Summon Small Mammal      Summ           48%        N/A       5%          1
 Statue Form              Tmut/Erth      25%        N/A       54%         6
 Conjure Ball Lightning   Conj/Air       6%         3x3d6     100%        6
 Discord                  Hex            6%         N/A       100%        8
 Disjunction              Tloc           6%         N/A       100%        8


Dungeon Overview and Level Annotations

Branches:
Dungeon (10/15)            Temple (1/1) D:4
   Lair: D:8-11         Orc: D:9-12

Altars:
Ashenzari
Cheibriados
Dithmenos
Fedhas
Gozag
Hepliaklqana
Kikubaaqudgha
Makhleb
Nemelex Xobeh
Okawaru
Qazlal
Ru
Sif Muna
Trog
Uskayaw
Vehumet
Wu Jian
Xom
Yredelemnul

Shops:
D:5 [   D:6 *   D:8 *   D:9 *

Annotations:
D:4 exclusion: downstairs
D:5 2 runed translucent doors, lis82's ghost, amateur TeAE
D:6 exclusion: upstairs
D:7 exclusion: downstairs
D:8 1 runed translucent door, grerr's ghost, novice TeAE
D:10 Snorg


Innate Abilities, Weirdness & Mutations

You have very sharp fingernails.
You are surrounded by a mild repulsion field. (EV +2)
You regenerate a little health from kills.
A meltable shield of frost defends you. (SH +4)


Message History

Aim: Snorg (lightly wounded, chance to affect: 30%) Snorg easily resists.
Snorg smiles kindly.
Snorg bites you. Snorg claws you! You block Snorg's attack.
Unknown command.
Casting: Petrify (dangerous; 4% risk of failure)
Confirm with . or Enter, or press ? or * to list all spells.
Aiming: Petrify (dangerous; 4% risk of failure)
Press: ? - help, Shift-Dir - straight line, f/p - Snorg
Aim: Snorg (lightly wounded, chance to affect: 30%) Snorg easily resists.
Snorg bites you but does no damage. Snorg claws you but does no damage.
You block Snorg's attack.
Unknown command.
Casting: Petrify (dangerous; 4% risk of failure)
Confirm with . or Enter, or press ? or * to list all spells.
Aiming: Petrify (dangerous; 4% risk of failure)
Press: ? - help, Shift-Dir - straight line, f/p - Snorg
Aim: Snorg (lightly wounded, chance to affect: 30%) Snorg easily resists.
Snorg barely misses you. Snorg claws you. Snorg misses you.
Unknown command.
Casting: Petrify (dangerous; 4% risk of failure)
Confirm with . or Enter, or press ? or * to list all spells.
Aiming: Petrify (dangerous; 4% risk of failure)
Press: ? - help, Shift-Dir - straight line, f/p - Snorg
Aim: Snorg (lightly wounded, chance to affect: 30%) Snorg easily resists.
Snorg goes berserk!
Unknown command.
Unknown command.
As you read the scroll labelled GURORON TECEG, it crumbles to dust.
It is a scroll of amnesia.
Forget Petrify, freeing 4 spell levels for a total of 26?
Your memory of Petrify unravels.
Snorg bites you! Snorg claws you!! Snorg claws you!
* * * LOW HITPOINT WARNING * * *
Snorg bites you.
* * * LOW HITPOINT WARNING * * *
Snorg barely misses you. Snorg claws you!!
You die...
Your body crumbles into a pile of gold.

.............#
##############
........# ..# ........#
..# + ........# ..##.#
##########'### .....
.............# ...
.##..........####T#
.##.............@.#
.##...........##..#
.##...>.##....##..###.
.......................
#######################


You could see Snorg (berserk).

Vanquished Creatures
  Pikel (D:6)
  2 centaur zombies (D:8)
  Maurice (D:9)
  An unseen horror (D:10)
  3 centaur skeletons (D:8)
  A harpy zombie (D:8)
  2 hellwings (D:8)
  A shadow (D:9)
  A wyvern (D:10)
  3 yaks (D:9)
  Eustachio (D:5)
  Edmund (D:5)
  Menkaure (D:4)
  An acid dragon (D:7)
  2 water moccasins
  4 orc warriors
  A sky beast (D:7)
  An ice beast (D:7)
  3 black bears
  3 ogres
  2 centaurs
  Blork the orc (D:6)
  A kobold brigand (D:8)
  5 bullfrogs
  2 scorpions (D:7)
  A necrophage (D:6)
  13 wights
  5 killer bees (D:9)
  An electric eel (D:6)
  2 howler monkeys
  5 hounds
  5 jellies
  6 orc priests
  A gnoll bouda (D:8)
  6 iguanas
  Natasha (thrice) (D:2)
  10 orc wizards
  Robin (D:3)
  7 gnolls
  8 adders
  5 shadow imps (D:8)
  A white imp (D:5)
  2 worms
  7 dart slugs
  29 orcs
  8 ball pythons
  8 endoplasms
  2 giant cockroaches
  8 hobgoblins
  4 jackals (D:1)
  14 kobolds
  3 quokkas
  10 bats
  5 frilled lizards
  15 goblins
  4 rats
244 creatures vanquished.

Vanquished Creatures (others)
  3 plants
  6 withered plants (D:8)
9 creatures vanquished.

Grand Total: 253 creatures vanquished

Notes
Turn   | Place    | Note
-------+----------+-------------------------------------------
     0 | D:1      | 112233 the Demonspawn Earth Elementalist began the quest
                  | for the Orb.
     0 | D:1      | Reached XP level 1. HP: 13/13 MP: 3/3
   305 | D:1      | Gained mutation: You regenerate a little health from kills.
                  | [demonic ancestry]
   305 | D:1      | Reached XP level 2. HP: 19/19 MP: 3/5
   635 | D:1      | Found a faded altar of an unknown god.
   726 | D:1      | Reached XP level 3. HP: 24/24 MP: 5/7
  1308 | D:2      | Learned a level 3 spell: Stone Arrow
  1311 | D:2      | Learned a level 2 spell: Passwall
  1405 | D:2      | Identified the +1 whip "Pylavoju" {vorpal, Will+ Stlth+}
  1908 | D:2      | Reached XP level 4. HP: 30/30 MP: 5/8
  2041 | D:2      | Noticed Natasha
  2050 | D:2      | Killed Natasha
  2405 | D:2      | Noticed Natasha
  2409 | D:2      | Killed Natasha
  2520 | D:3      | Found a stormy altar of Qazlal.
  2650 | D:3      | Gained mutation: A meltable shield of frost defends you.
                  | (SH +4) [demonic ancestry]
  2650 | D:3      | Reached XP level 5. HP: 29/35 MP: 6/10
  2718 | D:3      | Noticed Robin
  2739 | D:2      | Noticed Natasha
  2778 | D:2      | Killed Natasha
  3109 | D:3      | Killed Robin
  3896 | D:4      | Noticed an ogre
  3901 | D:4      | Killed an ogre
  3902 | D:4      | Gained mutation: You are surrounded by a mild repulsion
                  | field. (EV +2) [demonic ancestry]
  3902 | D:4      | Reached XP level 6. HP: 41/41 MP: 7/12
  3968 | D:4      | Reached skill level 5 in Earth Magic
  4267 | D:4      | Found a snail-covered altar of Cheibriados.
  4291 | D:4      | Found a staircase to the Ecumenical Temple.
  4315 | D:4      | Noticed Menkaure
  4320 | D:4      | Killed Menkaure
  4321 | D:4      | Reached skill level 5 in Spellcasting
  4339 | Temple   | Entered the Ecumenical Temple
  4419 | Temple   | Became a worshipper of Gozag Ym Sagoz the Greedy
  4487 | D:4      | Reached XP level 7. HP: 46/46 MP: 7/14
  5159 | D:5      | Entered Level 5 of the Dungeon
  5237 | D:5      | Found a large runed translucent door.
  5237 | D:5      | Found a large runed translucent door.
  5262 | D:5      | Noticed Edmund
  5263 | D:5      | Noticed Eustachio
  5407 | D:5      | Noticed lis82's ghost (amateur TeAE)
  5423 | D:5      | Noticed Pikel
  5543 | D:6      | Found Ceybraimy's Assorted Antiques.
  5551 | D:6      | Bought a blackened coral ring for 125 gold pieces
  5551 | D:6      | Bought a viscous brown potion for 22 gold pieces
  5551 | D:6      | Bought a scroll labelled PUUDIC WAEDYRGH for 25 gold pieces
  5551 | D:6      | Bought a scroll labelled HOAQOI LUATZ for 25 gold pieces
  5551 | D:6      | Bought a scroll labelled PUUDIC WAEDYRGH for 25 gold pieces
  5865 | D:6      | Found a shimmering blue altar of Sif Muna.
  5966 | D:6      | Reached XP level 8. HP: 52/52 MP: 13/17
  6106 | D:6      | Found a basalt altar of Yredelemnul.
  6304 | D:6      | Found a shadowy altar of Dithmenos.
  6559 | D:5      | Noticed Blork the orc
  6576 | D:6      | Killed Blork the orc
  6779 | D:5      | Killed Edmund
  6879 | D:6      | Killed Pikel
  7013 | D:5      | Found Ynepirghu's Antique Armour Emporium.
  7030 | D:5      | Killed Eustachio
  7031 | D:5      | Reached XP level 9. HP: 52/57 MP: 5/21
  7285 | D:5      | Found a radiant altar of Vehumet.
  7412 | D:5      | Found a bloodstained altar of Trog.
  8106 | D:7      | Found a burning altar of Makhleb.
  8114 | D:7      | Found a sacrificial altar of Ru.
  8142 | D:7      | You fall into a shaft and drop 2 floors!
  8305 | D:8      | Found a runed translucent door.
  8306 | D:8      | Found a shimmering altar of Xom.
  8306 | D:8      | Noticed grerr's ghost (novice TeAE)
  8306 | D:8      | Noticed a +2 hand axe of chaos
  8801 | D:8      | Noticed a hellwing
  9239 | D:7      | Gained mutation: You have sharp fingernails. [demonic
                  | ancestry]
  9239 | D:7      | Reached XP level 10. HP: 63/63 MP: 19/23
  9678 | D:7      | Found an iron altar of Okawaru.
  9690 | D:7      | Learned a level 4 spell: Petrify
  9692 | D:7      | Learned a level 1 spell: Apportation
  9850 | D:7      | Reached skill level 10 in Earth Magic
 10506 | D:8      | Reached skill level 10 in Spellcasting
 11533 | D:8      | Found Yveanis's Changing Room.
 11684 | D:8      | Bought the Precepts of Evolution for 288 gold pieces
 11684 | D:8      | Bought a potion of lignification for 36 gold pieces
 12095 | D:9      | Found Wukiufuw's Neck Hole.
 12121 | D:9      | Gained mutation: You have very sharp fingernails. [demonic
                  | ancestry]
 12121 | D:9      | Reached XP level 11. HP: 68/68 MP: 7/26
 12238 | D:9      | Bought a scarf of shadows for 168 gold pieces
 12283 | D:9      | Noticed Maurice
 12287 | D:9      | Killed Maurice
 12448 | D:10     | Entered Level 10 of the Dungeon
 13274 | D:10     | Noticed Snorg
 13284 | D:10     | Slain by Snorg

Illustrated notes

Levels and vault maps discovered:
D:1:      ncdulo_wetmaze, layout_loops_cross,
          hellmonk_ecumenical_altar_prayer_group
D:2:      cheibrodos_helix_gallery, layout_basic, basic_altar, uniq_natasha
D:3:      cheibrodos_old_hovel, layout_loops_ring,
          nicolae_qazlal_eye_of_the_storm, uniq_robin
D:4:      layout_basic, kennysheep_slug_shrine, temple_fountains, uniq_menkaure
D:5:      layout_cave_pools, lemuel_doored_altar, vehumet_crystals,
          ebering_ghost_disaster_area, serial_shops, shop, saegor_snake_ambush,
          uniq_pikel, uniq_edmund, uniq_eustachio, uniq_blork_the_orc
D:6:      layout_loops_cross, lemuel_coloured_pillars_altar, marbit_many_paths,
          mainiacjoe_overflow_alcove_1, serial_shops, shop,
          nicolae_lava_and_water
D:7:      layout_basic, kennysheep_little_box, mainiacjoe_overflow_big_doors,
          nicolae_figureground_pulse
D:8:      cheibrodos_grave_circle, layout_basic, ebering_ghost_xom,
          nicolae_transmutations_shop, st_stairs_13,
          ebering_dispersal_statue_hall
D:9:      layout_basic, zin_academy, nicolae_shop_sticking_my_neck_out,
          uniq_maurice
D:10:     layout_stronghold, uniq_snorg
Temple:   hellmonk_temple_of_storms

Skill      XL: |  1  2  3  4  5  6  7  8  9 10 |
---------------+-------------------------------+-----
Earth Magic    | 3 4 5 6 8 9 11 | 11.7
Spellcasting   | 3 4 5 6 8 9 11 | 11.5
Dodging        | |  1.8
Stealth        | |  1.8
Transmutations | |  0.9

Action                   |  1- 3 |  4- 6 |  7- 9 | 10-12 || total
-------------------------+-------+-------+-------+-------++-------
Melee: Unarmed           |     2 |       |       |       ||     2
       Whip              |    18 |     6 |     1 |    13 ||    38
       Short sword       |    11 |       |       |       ||    11
 Cast: Sandblast         |    59 |    75 |    52 |    36 ||   222
       Stone Arrow       |       |    10 |    98 |   136 ||   244
       Petrify           |       |       |       |     6 ||     6
Invok: Potion Petition   |       |       |       |     1 ||     1
  Use: Potion            |     2 |       |     2 |       ||     4
       Scroll            |       |       |       |     1 ||     1
 Stab: Sleeping          |     1 |       |       |       ||     1
Armor: Robe              |    18 |     5 |       |       ||    23
       Animal skin       |       |     2 |    18 |    22 ||    42
Dodge: Dodged            |    71 |    23 |    50 |    62 ||   206
Block: Other             |       |     5 |     9 |    12 ||    26
